 Dungeon Crawl Stone Soup version 0.28-a0-425-gd0eccab798 (webtiles) character file.

Game seed: 16903950092425898836

5025 frimble the Covert (level 10, 0/71 HPs)
             Began as an Octopode Warper on Sept 10, 2021.
             Slain by a catoblepas (14 damage)
             ... on level 9 of the Dungeon.
             The game lasted 00:13:58 (8817 turns).

frimble the Covert (Octopode Warper)                Turns: 8817, Time: 00:13:59

Health: 0/71       AC:  1    Str: 10    XL:     10   Next: 55%
Magic:  13/13      EV: 12    Int: 19    God:
Gold:   307        SH:  0    Dex: 12    Spells: 7/13 levels left

rFire   . . .      SeeInvis .   z - +5 dagger (venom)
rCold   . . .      Faith    .   A - +0 buckler
rNeg    + . .      Spirit   .   (helmet restricted)
rPois   .          Reflect  +   E - amulet of reflection
rElec   .          Harm     .   i - +4 ring of slaying
rCorr   +          Rampage  .   e - +4 ring of evasion
Will    .....                   u - ring of resist corrosion
Stlth   +++++.....              o - ring of positive energy
HPRegen 0.21/turn               (no ring)
MPRegen 0.13/turn               (no ring)
                                (no ring)
                                (no ring)

@: petrifying, very slow
A: almost no armour, amphibious, 8 rings, camouflage 1, gelatinous body 1,
(nimble swimmer 1), tentacles
a: no special abilities


You were on level 9 of the Dungeon.
You visited 1 branch of the dungeon, and saw 9 of its levels.
You also visited: Sewer.

You collected 463 gold pieces.
You spent 156 gold pieces at shops.

Inventory:

Hand Weapons
 j - a +1 dagger of speed
 z - a +5 dagger of venom (weapon)
Missiles
 c - 5 boomerangs of dispersal
 q - 3 boomerangs
 r - a throwing net
 s - 24 poisoned darts (quivered)
Armour
 l - a +1 kite shield
 A - a +0 buckler (worn)
Jewellery
 e - a +4 ring of evasion (right tentacle)
 i - a +4 ring of slaying (left tentacle)
 n - a ring of fire
 o - a ring of positive energy (on tentacle)
 u - a ring of resist corrosion (on tentacle)
 E - an amulet of reflection (around mantle)
Wands
 D - a wand of polymorph (12)
Scrolls
 b - 3 scrolls of blinking
 g - 7 scrolls of teleportation
 w - a scroll of torment
 y - a scroll of enchant armour
 B - a scroll of fear
 C - a scroll of enchant weapon
 G - 2 scrolls of magic mapping
 H - a scroll of immolation
Potions
 a - a potion of heal wounds
 d - a potion of lignification
 f - a potion of curing
 h - 3 potions of invisibility
 k - 5 potions of might
 m - 3 potions of resistance {unknown}
 p - a potion of ambrosia
 t - 3 potions of mutation {unknown}
 v - a potion of magic
 x - 3 potions of haste {unknown}
 F - a potion of berserk rage


   Skills:
 + Level 7.4 Fighting
 - Level 8.0 Short Blades
 - Level 5.0 Throwing
 - Level 5.0 Dodging
 - Level 8.0 Stealth
 - Level 4.0 Shields
 - Level 2.0 Spellcasting
 - Level 5.0 Translocations
 + Level 3.6 Evocations


You had 7 spell levels left.
You knew the following spells:

 Your Spells              Type           Power      Damage    Failure   Level
a - Blink                 Tloc           N/A        N/A       3%          2
b - Passage of Golubria   Tloc           N/A        N/A       22%         4

Your spell library contained the following spells:

 Spells                   Type           Power      Damage    Failure   Level
 Gell's Gravitas          Tloc           10%        N/A       6%          3
 Lesser Beckoning         Tloc           20%        N/A       6%          3
 Teleport Other           Tloc           20%        N/A       6%          3
 Tukima's Dance           Hex            1%         N/A       45%         3
 Manifold Assault         Tloc           20%        N/A       52%         5
 Alistair's Intoxication  Tmut/Pois      0%         N/A       99%         5
 Borgnjor's Vile Clutch   Necr/Erth      0%         N/A       99%         5
 Yara's Violent Unravell  Hex/Tmut       0%         3d3       99%         5
 Conjure Ball Lightning   Conj/Air       0%         3x3d6     100%        6
 Eringya's Noxious Bog    Tmut/Pois      0%         N/A       100%        6
 Discord                  Hex            0%         N/A       100%        8
 Disjunction              Tloc           10%        N/A       100%        8


Dungeon Overview and Level Annotations

Branches:
Dungeon (9/15)             Temple (0/1) D:4           Sewer (visited)
   Lair: D:8-11         Orc: D:9-12

Altars:
Kikubaaqudgha
Okawaru
Uskayaw

Shops:
D:4 *   D:8 ?


Innate Abilities, Weirdness & Mutations

You cannot wear most types of armour.
You are amphibious.
You can wear up to eight rings at the same time.
Your skin changes colour to match your surroundings (Stealth+).
Your rubbery body absorbs attacks. (AC +1, EV +1)
((You are camouflaged near water. (Stealth+)))
You have tentacles for arms and can constrict up to eight enemies at once.


Message History

Done exploring.
(D) Dungeon (T) Temple
Where to? (Enter - D:9, ? - help)
There is a stone staircase leading down, spattered with blood here.
You climb downwards.
There is a stone staircase leading up, spattered with blood here.
Unknown command.
Found a stone staircase leading down.
You open the door.
There is an open door here.
You now have 307 gold pieces (gained 12).
A vampire mosquito comes into view.
Found a box of beasts.
A catoblepas comes into view.
Found a twisted smoking staff.
The catoblepas breathes a plume of calcifying dust at you.
The blast of calcifying dust hits you!
The helpless vampire mosquito fails to defend itself.
You stick the vampire mosquito like a pincushion!!!
You destroy the vampire mosquito!
You are engulfed in calcifying dust.
You are slowing down.
A hydra, 2 ugly things, a death knight, an efreet and a tengu conjurer come into view.
The efreet is wielding a +0 scimitar of flaming.
Found five items.
The tengu conjurer shouts!
The red ugly thing gurgles horribly!
The death knight shouts!
The green ugly thing gurgles horribly!
You hear a shout!
The efreet gestures at you. The bolt of fire hits you!!
The bolt of fire misses you.
The bolt of fire hits the efreet.
The efreet completely resists.
The catoblepas breathes in.
The catoblepas breathes a plume of calcifying dust at you.
The blast of calcifying dust hits you. The efreet gestures at you.
The bolt of fire hits you! The bolt of fire hits you!!
* * * LOW HITPOINT WARNING * * *
The bolt of fire hits the efreet.
The efreet completely resists.
The catoblepas gores you!!
You die...

#### ## #.Y##.##
#u@§.#.# #pQR#§...#
...|u###.§..# ...D
#...§..# ...
#...##.#....... ..
....#.##.#....... #
...#......#.......
##...#.##.#.>.....
..###...##.#.......


You could see a death knight, a catoblepas, a four-headed hydra (wandering), 2
ugly things, an efreet and a tengu conjurer.

Vanquished Creatures
  Pikel (D:5)
  A troll (D:9)
  Grinder (D:4)
  4 slime creatures
  A vampire (D:7)
  A wraith (D:7)
  A wyvern (D:8)
  A steam dragon (D:8)
  A vampire mosquito (D:9)
  3 water moccasins
  A black bear (D:3)
  2 ice beasts (D:6)
  A sky beast (D:8)
  An orc warrior (D:8)
  2 ogres
  A hornet zombie (D:6)
  2 centaurs
  A kobold brigand (D:8)
  A bullfrog (D:8)
  A scorpion (D:4)
  A wyvern zombie (D:8)
  A water moccasin zombie (D:7)
  A water moccasin skeleton (D:6)
  A killer bee (D:6)
  6 wights
  A bullfrog zombie (D:5)
  2 centaur zombies
  3 centaur skeletons (D:7)
  3 hounds
  3 orc priests (D:6)
  2 jellies (D:7)
  A bullfrog skeleton (D:5)
  A gnoll shaman (D:8)
  2 iguanas (D:5)
  A hound skeleton (D:4)
  2 howler monkey zombies
  5 gnolls (D:8)
  A howler monkey skeleton (D:7)
  7 adders
  4 river rats (Sewer)
  2 shadow imps (D:7)
  3 worms
  2 dart slugs
  14 orcs
  5 bats
  6 endoplasms
  3 giant cockroaches
  7 goblins
  9 hobgoblins
  2 jackals (D:3)
  4 quokkas
  16 ball pythons
  5 frilled lizards
  29 kobolds
  A quokka skeleton (D:4)
  22 rats
206 creatures vanquished.

Vanquished Creatures (others)
  A plant (D:2)
1 creature vanquished.

Grand Total: 207 creatures vanquished

Notes
Turn   | Place    | Note
-------+----------+-------------------------------------------
     0 | D:1      | frimble the Octopode Warper began the quest for the Orb.
     0 | D:1      | Reached XP level 1. HP: 14/14 MP: 3/3
   164 | D:1      | Reached skill level 1 in Stealth
   168 | D:1      | Reached XP level 2. HP: 15/19 MP: 5/5
   577 | D:1      | Reached XP level 3. HP: 21/24 MP: 6/6
   896 | D:2      | Found an iron altar of Okawaru.
  1235 | D:2      | Reached XP level 4. HP: 28/29 MP: 7/7
  1773 | D:3      | Found a faded altar of an unknown god.
  1797 | D:3      | Noticed a black bear
  1829 | D:3      | Killed a black bear
  1830 | D:3      | Reached XP level 5. HP: 22/34 MP: 8/8
  2513 | D:4      | Reached skill level 5 in Short Blades
  2528 | D:4      | Reached XP level 6. HP: 23/39 MP: 9/9
  2652 | D:4      | Noticed Grinder
  2667 | D:4      | Killed Grinder
  2668 | D:4      | Reached XP level 7. HP: 45/45 MP: 10/10
  2671 | D:4      | Learned a level 2 spell: Blink
  2676 | D:4      | Learned a level 4 spell: Passage of Golubria
  2713 | D:4      | Found Malarrit's Overcharged Wands.
  3011 | D:4      | Found a staircase to the Ecumenical Temple.
  3295 | D:5      | Entered Level 5 of the Dungeon
  3337 | D:5      | Reached skill level 5 in Stealth
  3544 | D:5      | Noticed Pikel
  3564 | D:5      | Killed Pikel
  3565 | D:5      | Reached XP level 8. HP: 26/50 MP: 11/11
  3824 | D:6      | Reached skill level 5 in Translocations
  4144 | D:6      | Found a glowing drain.
  4159 | Sewer    | Entered a sewer
  4726 | D:6      | Reached skill level 5 in Dodging
  4726 | D:6      | Reached XP level 9. HP: 55/55 MP: 12/12
  5357 | D:6      | Reached skill level 1 in Shields
  6292 | D:7      | Found an ancient bone altar of Kikubaaqudgha.
  7266 | D:8      | Reached skill level 5 in Fighting
  7322 | D:8      | Found Ebofiwnag's Magic Scroll Boutique.
  7329 | D:8      | Reached XP level 10. HP: 45/66 MP: 13/13
  7697 | D:8      | Reached skill level 5 in Throwing
  7857 | D:8      | Found a hide-covered altar of Uskayaw.
  7862 | D:8      | Found an iron altar of Okawaru.
  8163 | D:8      | Bought a scroll of teleportation for 36 gold pieces
  8163 | D:8      | Bought a scroll of magic mapping for 42 gold pieces
  8163 | D:8      | Bought a scroll of teleportation for 36 gold pieces
  8163 | D:8      | Bought a scroll of immolation for 42 gold pieces
  8234 | D:9      | Reached skill level 1 in Evocations
  8812 | D:9      | Noticed a catoblepas
  8817 | D:9      | Noticed a green ugly thing
  8817 | D:9      | Noticed a death knight
  8817 | D:9      | Noticed a red ugly thing
  8817 | D:9      | Noticed a four-headed hydra
  8817 | D:9      | Slain by a catoblepas

Illustrated notes

Levels and vault maps discovered:
D:1:      nzn_arrival_crosshair, layout_rooms, minmay_door_square,
          serial_bayou_crossing
D:2:      layout_basic, basic_altar, serial_bayou_ford_a, minmay_vboxes
D:3:      layout_basic, shapermc_ecumenical_altar_venn,
          ebering_dispersal_statue_hall
D:4:      layout_basic, temple_statues, nicolae_shop_overcharged_wands,
          uniq_grinder
D:5:      layout_cave_pools, kennysheep_small_spiral, minmay_liquid_box,
          hangedman_decor_riveting, nicolae_underground_beach, uniq_pikel
D:6:      layout_gridville, portal_sewer_entry_f
D:7:      kennysheep_spiral_hall, layout_loops_corners,
          mainiacjoe_overflow_concentric_impassable, minmay_three_doors
D:8:      layout_loops_cross, amethyst_overflow_temple_binary,
          nicolae_inconvenience_store
D:9:      minmay_the_grid_triangle_9x9_recursive_2_mashed
          [minmay_the_grid_triangle_9x9_prize_schism,
          minmay_the_grid_triangle_9x9_minimal,
          minmay_the_grid_triangle_9x9_descending_squares,
          minmay_the_grid_triangle_9x9_pentomino_pain], layout_irregular_city

Skill      XL: |  1  2  3  4  5  6  7  8  9 10 |
---------------+-------------------------------+-----
Stealth        | 1 2 4 7 8 |  8.0
Short Blades   | 3 4 5 6 7 8 |  8.0
Dodging        | 4 5 |  5.0
Translocations | 4 5 |  5.0
Fighting       | 5 7 |  7.4
Shields        | 4 |  4.0
Throwing       | 4 5 |  5.0
Evocations     | 3 |  3.6
Spellcasting   | |  2.0

Action                   |  1- 3 |  4- 6 |  7- 9 | 10-12 || total
-------------------------+-------+-------+-------+-------++-------
Melee: Short sword       |    51 |       |       |       ||    51
       Constrict         |    17 |    11 |    57 |     7 ||    92
       Tentacles         |    12 |    10 |    48 |    16 ||    86
       Dagger            |    15 |    71 |   315 |    83 ||   484
Throw: Boomerang         |       |       |    26 |       ||    26
       Dart              |       |       |     4 |     1 ||     5
 Cast: Blink             |       |       |       |     1 ||     1
  Use: Scroll            |     1 |     5 |    13 |       ||    19
       Potion            |       |       |     1 |       ||     1
 Stab: Sleeping          |     7 |    10 |    18 |     3 ||    38
       Distracted        |       |       |     1 |       ||     1
Armor: Skin              |     4 |     2 |     5 |       ||    11
Dodge: Dodged            |    31 |    32 |   158 |    38 ||   259
Block: Buckler           |       |       |    15 |    15 ||    30

Table legend: (Time is in decaauts)
 A = Elapsed time spent in this place.
 B = Non-inter-level travel time spent in this place.
 C = Inter-level travel time spent in this place.
 D = Time resting spent in this place.
 E = Time spent auto-exploring this place.
 F = Levels seen in this place.
 G = Mean time per level.
                   A        B        C        D        E       F      G
               +--------+--------+--------+--------+--------+-----+--------+
         Total |   8598 |   8281 |    317 |    126 |   6665 |  10 |  859.8 |
       Dungeon |   8135 |   7818 |    317 |    126 |   6368 |   9 |  903.9 |
         Sewer |    463 |    463 |      0 |      0 |    297 |   1 |  463.0 |
               +--------+--------+--------+--------+--------+-----+--------+

Top non-repeatable levels by time:
     D:8: 1653 daAuts
     D:6: 1390 daAuts
     D:7: 1234 daAuts
     D:1: 894 daAuts
     D:4: 829 daAuts
     D:2: 802 daAuts
     D:3: 751 daAuts
   Sewer: 463 daAuts
     D:5: 421 daAuts
     D:9: 158 daAuts
